 Dungeon Crawl Stone Soup version 0.30.1-3-gfc49f6343a (webtiles) character file.

Game seed: 16593397867970065038

95308 monsoonserge the Warrior (level 15, -3/129 (141) HPs)
             Began as a Minotaur Fighter on Aug 4, 2023.
             Was the Champion of Lugonu.
             Succumbed to a wolf spider's poison
             ... on level 2 of the Lair of Beasts.
             The game lasted 01:24:54 (22070 turns).

monsoonserge the Warrior (Minotaur Fighter)        Turns: 22070, Time: 01:24:55

HP:   -3/129 (141)  AC: 22    Str: 38    XL:     15   Next: 66%
MP:   20/20         EV: 10    Int: 16    God:    Lugonu [******]
Gold: 2244          SH:  5    Dex:  9    Spells: 14/14 levels left

rFire   + . .        a - +6 morningstar of Regicide {freeze, Int+6}
rCold   + . .        c - +0 buckler
rNeg    . . .        V - +1 plate armour of Prudence {rF+ rC+}
rPois   +            M - +1 hat
rElec   .            Q - scarf {repulsion}
rCorr   .            W - +2 pair of gloves {Str+3}
SInv    .            (no boots)
Will    +....        L - amulet of Xeofegi {Acrobat Str+6 Int+5} Stlth
                     n - +4 ring of slaying
HPRegen 0.41/turn    T - ring of poison resistance
MPRegen 0.17/turn

%: repel missiles, acrobat
@: lethally poisoned (-3 -> -29), drained
A: horns 2, retaliatory headbutt
a: Renounce Religion, Depart the Abyss, Banish, Corrupt, Enter the Abyss, Brand
Weapon With Distortion


You were on level 2 of the Lair of Beasts.
You worshipped Lugonu.
Lugonu was exalted by your worship.
You visited 5 branches of the dungeon, and saw 22 of its levels.
You visited the Abyss 2 times.
You also visited: Bailey.

You collected 2556 gold pieces.
You spent 312 gold pieces at shops.

Inventory:

Hand Weapons
 a - the +6 morningstar of Regicide (weapon) {freeze, Int+6}
   (You bought it in a shop on level 10 of the Dungeon)

   Int:       It affects your intelligence (+6).
Missiles
 o - 12 boomerangs (quivered)
 D - 15 poisoned darts
 P - 6 curare-tipped darts
 R - 6 atropa-tipped darts
 S - 6 javelins
Armour
 c - a +0 buckler (worn)
 M - a +1 hat (worn)
 Q - a scarf of repulsion (worn)
 U - the +2 cloak "Socsuet" {Dex+3}
   (You found it on level 11 of the Dungeon)

   Dex:       It affects your dexterity (+3).
 V - the +1 plate armour of Prudence (worn) {rF+ rC+}
   (You took it off an orc warrior on level 10 of the Dungeon)

   rF:        It protects you from fire.
   rC:        It protects you from cold.
 W - a +2 pair of gloves of strength (worn)
Jewellery
 n - a +4 ring of slaying (left hand)
 L - the amulet of Xeofegi (around neck) {Acrobat Str+6 Int+5}
   (You took it off a gnoll on level 7 of the Dungeon)

   [amulet of the acrobat]

   It increases your evasion while moving and waiting.
   Str:       It affects your strength (+6).
   Int:       It affects your intelligence (+5).
 T - a ring of poison resistance (right hand)
 X - a +5 ring of evasion
Wands
 p - a wand of digging (12)
 q - a wand of flame (7)
 v - a wand of acid (7)
 y - a wand of mindburst (8)
 A - a wand of iceblast (23)
 B - a wand of charming (12)
Scrolls
 e - 3 scrolls of enchant weapon
 g - 4 scrolls of brand weapon
 h - 3 scrolls of vulnerability
 k - 4 scrolls of poison
 m - 6 scrolls of immolation
 r - 7 scrolls of fear
 s - 4 scrolls of butterflies {unknown}
 w - 7 scrolls of blinking {unknown}
 x - a scroll of noise {unknown}
 C - 7 scrolls of magic mapping
 F - 6 scrolls of enchant armour
 G - a scroll of fog {unknown}
 H - 2 scrolls of silence
 I - 8 scrolls of teleportation
 Z - a scroll of torment {unknown}
Potions
 b - a potion of cancellation {unknown}
 d - 5 potions of might
 f - 9 potions of curing
 i - 7 potions of heal wounds
 j - 4 potions of magic
 l - 5 potions of mutation
 t - 3 potions of resistance
 u - 2 potions of berserk rage
 z - 3 potions of flight
 E - a potion of attraction {unknown}
 J - a potion of ambrosia {unknown}
 K - 2 potions of lignification
 N - 5 potions of haste
 O - 2 potions of brilliance
Miscellaneous
 Y - a lightning rod (3/4)


   Skills:
 + Level 15.6 Fighting
 - Level 7.0(12.2) Axes
 - Level 15.2(16.0) Maces & Flails
 - Level 3.2(6.1) Polearms
 - Level 4.0(10.9) Staves
 + Level 8.6 Throwing
 + Level 15.2 Armour
 - Level 4.0 Dodging
 + Level 1.3 Stealth
 - Level 9.0 Shields
 - Level 9.0 Invocations
 - Level 5.0 Evocations


You had 14 spell levels left.
You didn't know any spells.
Your spell library contained the following spells:

 Spells                   Type           Power      Damage    Failure   Level
 Apportation              Tloc           0%         N/A       71%         1
 Beastly Appendage        Tmut           0%         N/A       71%         1
 Foxfire                  Conj/Fire      0%         2x1d4     71%         1
 Freeze                   Ice            0%         1d3       71%         1
 Necrotise                Necr           0%         1d4       71%         1
 Summon Small Mammal      Summ           0%         N/A       71%         1
 Cigotuvi's Dreadful Rot  Necr/Pois/Air  0%         N/A       85%         2
 Lesser Beckoning         Tloc           0%         N/A       85%         2
 Wereblood                Tmut           0%         N/A       85%         2
 Call Canine Familiar     Summ           0%         N/A       97%         3
 Frozen Ramparts          Ice            0%         1d1       97%         3
 Gell's Gravitas          Tloc           0%         N/A       97%         3
 Hailstorm                Conj/Ice       0%         3d3       97%         3
 Ozocubu's Armour         Ice            0%         N/A       97%         3
 Portal Projectile        Hex/Tloc       0%         N/A       97%         3
 Spider Form              Tmut/Pois      0%         N/A       97%         3
 Summon Guardian Golem    Hex/Summ       0%         N/A       97%         3
 Teleport Other           Tloc           0%         N/A       97%         3
 Tukima's Dance           Hex            0%         N/A       97%         3
 Vampiric Draining        Necr           0%         2d6       97%         3
 Dispel Undead            Necr           0%         3d6       100%        4
 Ice Form                 Ice/Tmut       0%         N/A       100%        4
 Leda's Liquefaction      Hex/Erth       0%         N/A       100%        4
 Passage of Golubria      Tloc           0%         N/A       100%        4
 Summon Ice Beast         Ice/Summ       0%         N/A       100%        4
 Agony                    Necr           0%         N/A       100%        5
 Fireball                 Conj/Fire      0%         3d3       100%        5
 Metabolic Englaciation   Hex/Ice        0%         N/A       100%        5
 Yara's Violent Unravell  Hex/Tmut       0%         3d3       100%        5
 Death Channel            Necr           0%         N/A       100%        6
 Plasma Beam              Fire/Air       0%         2x1d11    100%        6
 Simulacrum               Ice/Necr       0%         N/A       100%        6
 Starburst                Conj/Fire      0%         6d3       100%        6
 Orb of Destruction       Conj           0%         9d5       100%        7
 Spellforged Servitor     Conj/Summ      0%         N/A       100%        7


Dungeon Overview and Level Annotations

Branches:
Dungeon (13/15)            Temple (1/1) D:4            Lair (5/5) D:11
  Swamp (0/4) Lair:3       Spider (1/4) Lair:2        Slime (0/5) Lair:5
    Orc (2/2) D:10            Elf (0/3) Orc:2        Bailey (visited)
 Vaults: D:13-14

Altars:
Ashenzari
Cheibriados
Dithmenos
Elyvilon
Fedhas
Gozag
Hepliaklqana
Kikubaaqudgha
Makhleb
Nemelex Xobeh
Okawaru
Qazlal
Ru
Sif Muna
Trog
Uskayaw
Vehumet
Wu Jian
Xom
Yredelemnul
Zin
The Shining One
Jiyva

Shops:
D:9 !   D:10 (   Orc:2 ?[=??

Portals:
Hell: Lair:5

Annotations:
D:13 Kirke
Lair:3 3 runed translucent doors, spardeous's ghost, journeyman DgCj


Innate Abilities, Weirdness & Mutations

You have a pair of horns on your head.
You reflexively headbutt those who attack you in melee.


Message History

The tarantella is heavily wounded.
The tarantella touches you.
The wolf spider hits you but does no damage.
You block the wolf spider's attack. You block the pharaoh ant's attack.
The wolf spider hits you! The wolf spider closely misses you.
The wolf spider hits you! The wolf spider bites you.
Unknown command.
You thump the tarantella! You freeze the tarantella.
You kill the tarantella!
Lugonu accepts your kill. The wolf spider hits you!
* * * LOW HITPOINT WARNING * * *
The wolf spider barely misses you.
The wolf spider hits you but does no damage.
The wolf spider bites you!
* * * LOW HITPOINT WARNING * * *
The pharaoh ant closely misses you. You furiously retaliate!
You headbutt the pharaoh ant!!
The wolf spider hits you but does no damage.
The wolf spider barely misses you.
You feel much better. The wolf spider hits you!
* * * LOW HITPOINT WARNING * * *
The wolf spider bites you but does no damage.
The wolf spider hits you!
* * * LOW HITPOINT WARNING * * *
The wolf spider bites you.
* * * LOW HITPOINT WARNING * * *
You are lethally poisoned!
The wolf spider poisons you!
The wolf spider hits you but does no damage.
The wolf spider closely misses you. The pharaoh ant bites you!
* * * LOW HITPOINT WARNING * * *
You feel drained.
* * * LOW HITPOINT WARNING * * *
You block the wolf spider's attack. The wolf spider closely misses you.
Okay, then.
As you read the scroll of fear, it crumbles to dust.
You assume a fearsome visage.
The wolf spider looks frightened!
The pharaoh ant is unaffected.
The wolf spider looks frightened! x2
You die...

........P#....#...#...#...#....#
#.......##..##................##
#.#............................##
..............................#.#
...............................##
...............................#
..............................##
#.....##.#...#...s............#
.......##.#.P#..@s....##P###..#
......P#.....##Bs....#######..#
#......#.....#P......##...##..#
#............##.......#...##..#
#.....#......#........#...##..#
#.....##......#......#....#...##
......##.....##......#P..<.....#
#......#....##..........P.#...##
.......#...#.##.......#.#.##...#


You could see 3 wolf spiders and a pharaoh ant.

Vanquished Creatures
  Gastronok (D:9)
  An orc warlord (Bailey)
  A dire elephant (Lair:5)
  The ghost of premas the Basher, a journeyman MiGl of Qazlal (Orc:2)
  2 hydras (Lair:5)
  The ghost of Stellion the Destroyer, a journeyman DrCj of Sif Muna (D:10)
  2 boulder beetles
  13 death yaks
  2 two-headed ogres
  A tengu warrior (D:9)
  5 orc high priests
  Urug (D:11)
  Sonja (D:12)
  A sun demon (Lair:5)
  A wizard (Lair:5)
  3 orc knights
  An ugly thing (D:13)
  2 manticores
  4 orc sorcerers
  A wolf spider (Lair:2)
  11 elephants
  3 slime creatures (D:12)
  Maurice (D:9)
  5 black mambas
  Maggie (D:9)
  A torpor snail (Lair:4)
  A gargoyle (D:12)
  3 orange demons (Lair:5)
  A kobold demonologist (D:12)
  2 demonic crawlers (Lair:2)
  2 unseen horrors
  15 cane toads
  3 rime drakes (Lair:5)
  6 komodo dragons
  Psyche (D:9)
  An ice devil (Lair:5)
  9 trolls
  A polar bear (Lair:2)
  2 red devils (Lair:5)
  A raiju (Abyss:2)
  A hellwing (Lair:5)
  A tarantella (Lair:2)
  18 blink frogs
  16 dancing weapons
  3 basilisks
  3 wraiths
  37 yaks
  3 wyverns
  A shadow (D:10)
  3 large abominations (Abyss:2)
  3 vampire mosquitoes (D:11)
  3 steam dragons
  3 hogs
  A chaos spawn (Abyss:2)
  4 wargs
  2 swamp worms (Lair:3)
  2 acid dragons
  3 small abominations
  36 orc warriors
  3 hell hounds (Lair:5)
  3 sky beasts
  12 water moccasins
  4 black bears
  An ice beast (D:5)
  12 wolves
  7 ogres
  A phantom (D:6)
  5 centaurs
  9 bullfrogs
  2 kobold brigands (D:9)
  4 scorpions
  8 wights
  8 electric eels (D:6)
  8 howler monkeys
  9 jellies
  A hound (D:5)
  3 gnoll boudas
  Crazy Yiuf (D:2)
  23 orc priests
  7 iguanas
  Terence (D:3)
  3 sleepcaps
  28 orc wizards
  9 gnolls
  8 adders
  2 white imps (Abyss:2)
  2 ufetubi
  2 dart slugs (D:1)
  88 orcs
  5 bats
  2 endoplasms
  2 giant cockroaches
  26 goblins
  17 hobgoblins
  15 kobolds
  5 quokkas
  4 ball pythons
  3 frilled lizards (D:1)
  8 rats
619 creatures vanquished.

Vanquished Creatures (collateral kills)
  An orc sorcerer (Orc:2)
1 creature vanquished.

Vanquished Creatures (others)
  An orc knight (Orc:2)
  A hornet (D:10)
  An orc wizard (D:9)
  An orc (D:6)
  A starspawn tentacle (Abyss:1)
5 creatures vanquished.

Grand Total: 625 creatures vanquished

Notes
Turn   | Place    | Note
-------+----------+-------------------------------------------
     0 | D:1      | monsoonserge the Minotaur Fighter began the quest for the
                  | Orb.
     0 | D:1      | Reached XP level 1. HP: 19/19 MP: 0/0
    84 | D:1      | Reached XP level 2. HP: 27/27 MP: 1/1
   444 | D:1      | Found a faded altar of an unknown god.
   764 | D:2      | Reached XP level 3. HP: 31/33 MP: 2/2
   910 | D:2      | Found an ornate altar of the Wu Jian Council.
   928 | D:2      | Became a worshipper of the Wu Jian Council
  1052 | D:2      | Found a runed translucent door.
  1053 | D:2      | Noticed Crazy Yiuf
  1476 | D:2      | Killed Crazy Yiuf
  1530 | D:3      | Reached XP level 4. HP: 41/41 MP: 3/3
  1648 | D:3      | Reached skill level 5 in Armour
  1694 | D:3      | Reached * piety under Wu Jian
  1833 | D:3      | Reached XP level 5. HP: 41/47 MP: 4/4
  1849 | D:3      | Reached skill level 5 in Fighting
  1849 | D:3      | Reached skill level 1 in Staves
  1939 | D:3      | Noticed Terence
  1945 | D:3      | Killed Terence
  2074 | D:4      | Found a white marble altar of Elyvilon.
  2096 | D:4      | Found a staircase to the Ecumenical Temple.
  2107 | Temple   | Entered the Ecumenical Temple
  2282 | D:4      | Reached skill level 1 in Dodging
  2338 | D:4      | Reached XP level 6. HP: 41/56 MP: 5/5
  2570 | D:4      | Noticed a wyvern
  2575 | D:4      | Killed a wyvern
  2576 | D:4      | Reached skill level 1 in Throwing
  2576 | D:4      | Reached XP level 7. HP: 58/62 MP: 6/6
  2740 | D:5      | Entered Level 5 of the Dungeon
  2752 | D:5      | Reached ** piety under Wu Jian
  2951 | D:5      | Reached XP level 8. HP: 57/71 MP: 7/7
  3802 | D:6      | Found a hide-covered altar of Uskayaw.
  3802 | D:6      | Found an ornate altar of the Wu Jian Council.
  4351 | D:6      | Reached skill level 5 in Throwing
  4484 | D:6      | Reached XP level 9. HP: 81/81 MP: 8/8
  4932 | D:6      | Reached skill level 10 in Armour
  5577 | D:7      | Reached *** piety under Wu Jian
  5578 | D:7      | Reached skill level 5 in Axes
  5578 | D:7      | Reached skill level 1 in Evocations
  5760 | D:7      | Identified the amulet of Xeofegi {Acrobat Str+6 Int+5}
  7053 | D:9      | Noticed a troll
  7062 | D:9      | Killed a troll
  7062 | D:9      | Reached **** piety under Wu Jian
  7063 | D:9      | Reached XP level 10. HP: 75/91 MP: 9/9
  7143 | D:9      | Noticed Maurice
  7161 | D:9      | Killed Maurice
  7337 | D:9      | Noticed a tengu warrior
  7352 | D:9      | Killed a tengu warrior
  7491 | D:9      | Reached skill level 10 in Fighting
  7681 | D:9      | Reached skill level 5 in Shields
  7784 | D:9      | Noticed Maggie
  7795 | D:9      | Killed Maggie
  7843 | D:9      | Noticed Psyche
  7850 | Abyss:1  | Cast into level 1 of the Abyss (Psyche)
  7873 | Abyss:1  | Found a corrupted altar of Lugonu.
  7885 | Abyss:1  | Fell from the grace of Wu Jian
  7885 | Abyss:1  | Became a worshipper of Lugonu the Unformed
  7885 | Abyss:1  | Reached * piety under Lugonu
  7885 | Abyss:1  | Reached ** piety under Lugonu
  7886 | Abyss:1  | Found a corrupted altar of Lugonu.
  7886 | Abyss:1  | Found a corrupted altar of Lugonu.
  7905 | Abyss:1  | Found a sparkling altar of Nemelex Xobeh.
  7912 | Abyss:1  | Noticed a rakshasa
  7913 | Abyss:1  | Found a sparkling altar of Nemelex Xobeh.
  7913 | Abyss:1  | Noticed a wretched star
  7913 | Abyss:1  | Found a sparkling altar of Nemelex Xobeh.
  7918 | Abyss:1  | Noticed a tentacled starspawn
  7920 | Abyss:1  | Noticed a great orb of eyes
  7921 | D:9      | Escaped the Abyss
  7925 | D:9      | Killed Psyche
  7926 | D:9      | Reached skill level 1 in Invocations
  8224 | D:9      | Noticed Gastronok
  8240 | D:9      | Killed Gastronok
  8629 | D:9      | Found Pirro's Distillery.
  8633 | D:9      | Bought a potion of degeneration for 16 gold pieces
  8633 | D:9      | Bought a potion of berserk rage for 80 gold pieces
  8654 | D:9      | Reached XP level 11. HP: 72/101 MP: 11/11
  8919 | D:10     | Entered Level 10 of the Dungeon
  8935 | D:10     | Paralysed by a hornet for 3 turns
  9311 | D:10     | Found a staircase to the Orcish Mines.
  9312 | D:10     | Found Dunloeng's Antique Weapon Shop.
  9325 | D:10     | Bought a steaming morningstar for 216 gold pieces
  9325 | D:10     | Identified the +6 morningstar of Regicide {freeze, Int+6}
                  | (You bought it in a shop on level 10 of the Dungeon)
  9343 | D:10     | Found a flagged portal.
  9352 | Bailey   | Entered a bailey
  9409 | Bailey   | Reached skill level 1 in Maces & Flails
  9718 | Bailey   | Noticed an orc warlord
  9735 | Bailey   | Killed an orc warlord
  9744 | Bailey   | Reached *** piety under Lugonu
  9984 | D:10     | Found a shadowy altar of Dithmenos.
 10105 | D:10     | Reached skill level 5 in Maces & Flails
 10105 | D:10     | Reached XP level 12. HP: 112/112 MP: 13/15
 10106 | D:10     | Reached XP level 13. HP: 119/119 MP: 13/17
 10205 | D:10     | Found a runed translucent gate.
 10205 | D:10     | Noticed Stellion's ghost (journeyman DrCj)
 10206 | D:10     | Found a runed translucent gate.
 10206 | D:10     | Identified the +1 plate armour of Prudence {rF+ rC+}
 10209 | D:10     | Found a runed translucent gate.
 10472 | D:10     | Found a blossoming altar of Fedhas.
 10838 | D:11     | Noticed Urug
 10844 | D:11     | Killed Urug
 10939 | D:11     | Found a staircase to the Lair.
 11236 | D:11     | Identified the +2 cloak "Socsuet" {Dex+3}
 12177 | D:10     | Killed Stellion's ghost
 12194 | D:10     | Reached **** piety under Lugonu
 12486 | Lair:1   | Entered Level 1 of the Lair of Beasts
 12555 | Lair:1   | Found a radiant altar of Vehumet.
 13349 | Lair:2   | Found a hole to the Spider Nest.
 13538 | Lair:2   | Reached skill level 1 in Stealth
 13649 | Lair:2   | Found a sparkling altar of Nemelex Xobeh.
 13970 | Lair:3   | Reached XP level 14. HP: 129/129 MP: 19/19
 13974 | Lair:3   | Found a staircase to the Swamp.
 14326 | Lair:3   | Was forgiven by Wu Jian
 14552 | Lair:3   | Found a runed translucent gate.
 14553 | Lair:3   | Found a runed translucent gate.
 14554 | Lair:3   | Found a runed translucent gate.
 14556 | Lair:3   | Noticed spardeous's ghost (journeyman DgCj)
 14957 | Lair:4   | Reached skill level 10 in Maces & Flails
 15020 | Lair:3   | Reached skill level 5 in Evocations
 15035 | Lair:3   | Reached ***** piety under Lugonu
 15314 | Lair:4   | Identified the +0 war axe of Qehuorgh {flame, rPois Will+
                  | Int+2}
 16367 | Lair:5   | Entered Level 5 of the Lair of Beasts
 16367 | Lair:5   | Found a viscous altar of Jiyva.
 16867 | Lair:5   | Found a staircase to the Slime Pits.
 17353 | Abyss:2  | Cast into level 2 of the Abyss (a wizard)
 17383 | Abyss:2  | Found a corrupted altar of Lugonu.
 17385 | Abyss:2  | Found a corrupted altar of Lugonu.
 17385 | Abyss:2  | Found a corrupted altar of Lugonu.
 17423 | Abyss:2  | Found a corrupted altar of Lugonu.
 17457 | Abyss:2  | Reached XP level 15. HP: 57/139 MP: 20/20
 17457 | Lair:5   | Escaped the Abyss
 17673 | Lair:5   | Found a burning altar of Makhleb.
 17835 | Lair:5   | Found a gateway to Hell.
 18535 | Orc:1    | Entered Level 1 of the Orcish Mines
 18834 | Orc:2    | Entered Level 2 of the Orcish Mines
 19012 | Orc:2    | Found Soafal's Magic Scroll Boutique.
 19311 | Orc:2    | Found a staircase to the Elven Halls.
 19428 | Orc:2    | Found a runed translucent door.
 19435 | Orc:2    | Noticed premas's ghost (journeyman MiGl)
 19544 | Orc:2    | Reached ****** piety under Lugonu
 19570 | Orc:2    | Reached skill level 15 in Fighting
 20161 | Orc:2    | Found Ynoinu's Magic Scroll Shoppe.
 20161 | Orc:2    | Found Cuvoa's Jewellery Shoppe.
 20244 | Orc:2    | Found Ycyr's Antique Armour Boutique.
 20244 | Orc:2    | Found Gijoanal's Magic Scroll Boutique.
 20345 | Orc:2    | Killed premas's ghost
 20429 | Orc:1    | Reached skill level 15 in Maces & Flails
 20959 | D:12     | Noticed Sonja
 20975 | D:12     | Killed Sonja
 21088 | D:12     | Reached skill level 15 in Armour
 21753 | D:13     | Noticed Kirke
 21848 | Spider:1 | Entered Level 1 of the Spider Nest
 22069 | Lair:2   | HP: 5/133 [pharaoh ant (16)]
 22070 | Lair:2   | Succumbed to a wolf spider's poison

Illustrated notes

Levels and vault maps discovered:
D:1:      psy_arrival_basics, layout_basic, hellmonk_ecumenical_altar_run_dry,
          roderic_malta_cross
D:2:      layout_loops_ring, basic_altar, uniq_crazy_yiuf_cottage
D:3:      layout_rooms, minmay_misc_feat_five, grunt_decor_arrowhead,
          uniq_terence
D:4:      layout_gridville, nicolae_elyvilon_peaceful_grove,
          minmay_temple_entry_junction_2
D:5:      black_bear_nest_2, layout_basic
D:6:      layout_loops_ring, gammafunk_temple_overflow_statue, kennysheep_boxes
D:7:      layout_loops_cross
D:8:      layout_basic
D:9:      layout_basic, serial_shops, shop, nicolae_sextant, uniq_maurice,
          uniq_gastronok, uniq_psyche, uniq_maggie
D:10:     layout_small_grid, marbit_many_paths, grunt_dithmenos_shadows,
          orc_0_dummy, biasface_ghost_orc_armoury, enter_bailey_2, serial_shops,
          shop, minmay_fractal_squares_diagonal_5
D:11:     layout_stronghold, due_lair_maze_entry_diamond, uniq_urug
D:12:     layout_roguey, uniq_sonja
D:13:     layout_rooms, kennysheep_generic_room_16, uniq_kirke
Temple:   sentei_temple_godly_chess
Lair:1:   layout_regular_city, basic_altar
Lair:2:   layout_regular_city, dummy_spider_entry, basic_altar,
          dreamdust_gnoll_shepherd
Lair:3:   layout_chaotic_city, minmay_swamp_entry_worms,
          gammafunk_ghost_hydra_chop, lemuel_fruit_fields
Lair:4:   layout_cave_pods, grunt_megastairs_2
Lair:5:   evil_forest, layout_misc_corridors, nicolae_slime_entry_field_trip,
          grunt_megastairs_1, lemuel_fruit_tree
Spider:1: layout_chambers, hellmonk_ghost_happy_afterlife, worms_lemuel
Orc:1:    layout_diamond_mine, basic_altar
Orc:2:    st_orc_elflike, layout_diamond_mine, ebering_ghost_reflecting_pool,
          basic_altar, serial_shops, shop

Skill      XL: |  1  2  3  4  5  6  7  8  9 10 11 12 13 14 15 |
---------------+----------------------------------------------+-----
Armour         | 4 5 6 8 9 10 11 12 13 14 15 | 15.2
Fighting       | 4 5 6 7 9 10 11 12 13 14 15 | 15.6
Shields        | 4 5 6 7 8 9 |  9.0
Axes           | 3 6 7 |  7.0
Staves         | 2 4 |  4.0
Dodging        | 1 2 3 4 |  4.0
Throwing       | 1 2 5 7 8 |  8.6
Evocations     | 2 3 4 5 |  5.0
Invocations    | 2 6 7 8 9 |  9.0
Polearms       | 2 3 |  3.2
Maces & Flails | 5 7 8 13 15 | 15.2
Stealth        | 1 |  1.3

Action                     |  1- 3 |  4- 6 |  7- 9 | 10-12 | 13-15 || total
---------------------------+-------+-------+-------+-------+-------++-------
  Melee: War axe           |    68 |       |   130 |    41 |       ||   239
         Headbutt          |     9 |    10 |    42 |    45 |   159 ||   265
         Quarterstaff      |     1 |    60 |   105 |       |       ||   166
         Halberd           |       |       |       |    62 |       ||    62
         Morningstar       |       |       |       |   117 |   807 ||   924
  Throw: Dart              |       |    10 |    29 |    25 |     8 ||    72
         Boomerang         |       |       |    17 |     8 |     8 ||    33
 Invoke: Depart the Abyss  |       |       |       |     1 |     1 ||     2
         Banish            |       |       |       |       |     1 ||     1
Ability: Lunge             |       |    10 |    29 |     2 |       ||    41
         Whirlwind         |       |    13 |    34 |       |       ||    47
  Evoke: Wand              |       |       |       |     2 |     3 ||     5
         Lightning rod     |       |       |       |       |     5 ||     5
    Use: Scroll            |       |       |     8 |     2 |    11 ||    21
         Potion            |       |       |       |     2 |     1 ||     3
   Stab: Confused          |       |     1 |     1 |       |       ||     2
 Armour: Scale mail        |    26 |       |       |       |       ||    26
         Chain mail        |       |    23 |    86 |    18 |    37 ||   164
         Acid dragon scale |       |       |       |    44 |       ||    44
         Plate armour      |       |       |       |    10 |   342 ||   352
  Dodge: Dodged            |    24 |    13 |    91 |   101 |   482 ||   711
         Repelled          |       |       |       |       |     1 ||     1
  Block: Buckler           |    13 |       |    25 |    26 |   199 ||   263
